 Dungeon Crawl Stone Soup version 0.14-a0-840-g06343e3 (webtiles) character file.

254401 Malachi the Bringer of Law (level 18, -4/158 HPs)
             Began as a Lava Orc Healer on Nov 13, 2013.
             Was the Champion of Zin.
             Slain by an ettin
             ... wielding a +0,+0 great mace
             ... summoned by a boggart
             ... summoned by a boggart
              (24 damage)
             ... on Level 1 of the Depths on Nov 14, 2013.
             The game lasted 03:02:05 (55061 turns).

Malachi the Bringer of Law (Lava Orc Healer)       Turns: 55061, Time: 03:02:05

HP  -4/158       AC 35     Str 30      XL: 18   Next: 98%
MP  37/37        EV  7     Int 20      God: Zin [******]
Gold 1384        SH 32     Dex 20      Spells:  0 memorised, 17 levels left

Res.Fire  : + + +   See Invis. : +   j - +8,+9 flail "Yrelitee" {freeze, rC+ Int+1 SInv Stlth--}
Res.Cold  : . . .   Warding    : .   g - +0 crystal plate armour
Life Prot.: + . .   Conserve   : +   m - +1 shield {reflect}
Res.Poison: +       Res.Corr.  : .   r - +1 orc helmet {SInv}
Res.Elec. : .       Clarity    : .   i - +0 cloak
Sust.Abil.: . .     Spirit.Shd : .   N - +2 pair of gloves of the Oligarchy {MR++ Dex+3 Acc+5}
Res.Mut.  : .       Stasis     : .   z - +2 pair of boots of the Illusory Mice {rPois}
Res.Rott. : .       Flight     : .   l - amulet of conservation
Saprovore : + . .                    k - ring "Bomyarau" {rF+ MR++ EV+1 SInv}
                                     Z - ring of positive energy

@: short of breath, invisible, vitalised, very slightly contaminated,
extraordinarily resistant to hostile enchantments, extremely unstealthy
A: breathe flames 1, conserve scrolls, saprovore 1
a: Recite, Vitalisation, Imprison, Sanctuary, Cure All Mutations, Renounce
Religion, Breathe Fire
}: 2/15 runes: decaying, serpentine


You were on level 1 of the Depths.
You worshipped Zin.
Zin was exalted by your worship.
You were not hungry.

You visited 8 branches of the dungeon, and saw 43 of its levels.
You also visited: Labyrinth and Bailey.

You collected 4818 gold pieces.
You spent 3118 gold pieces at shops.
You donated 316 gold pieces.

Inventory:

Hand weapons
 j - the +8,+9 flail "Yrelitee" (weapon) {freeze, rC+ Int+1 SInv Stlth--}
   (You found it on level 8 of the Dungeon)

   It has been specially enchanted to freeze those struck by it, causing extra
   injury to most foes and up to double damage against particularly susceptible
   opponents.
   It can also slow down cold-blooded creatures.
   It affects your intelligence (+1).
   It protects you from cold.
   It enhances your eyesight.
   It makes you much less stealthy.
 S - the +0,+0 Staff of Olgreb {rPois}
   (You took it off a centaur warrior on level 13 of the Dungeon)

   It protects you from poison.
Armour
 g - a +0 crystal plate armour (worn)
 i - a +0 cloak (worn)
 m - a +1 shield of reflection (worn)
 r - a +1 orcish helmet of see invisible (worn)
 z - the +2 pair of boots of the Illusory Mice (worn) {rPois}
   (You acquired it on level 3 of the Elven Halls)

   It protects you from poison.
 N - the +2 pair of gloves of the Oligarchy (worn) {MR++ Dex+3 Acc+5}
   (You acquired it on level 3 of the Snake Pit)

   It affects your dexterity (+3).
   It affects your accuracy (+5).
   It affects your resistance to hostile enchantments.
Magical devices
 G - a wand of hasting (1)
 K - a wand of teleportation (1)
 T - a wand of disintegration (3)
 Y - a wand of digging (9)
Comestibles
 a - 6 chunks of hydra flesh
 t - 11 bread rations
 v - a royal jelly
Scrolls
 e - 11 scrolls of teleportation
 q - a scroll of holy word
 y - 4 scrolls of remove curse
 A - 12 scrolls of identify
 H - 6 scrolls of fear
 I - 6 scrolls of blinking
 J - 5 scrolls of fog
 L - 3 scrolls of magic mapping
 U - 2 scrolls of summoning
Jewellery
 k - the ring "Bomyarau" (right hand) {rF+ MR++ EV+1 SInv}
   (You took it off a deep elf death mage on level 3 of the Elven Halls)

   [ring of evasion]

   It affects your evasion (+1).
   It protects you from fire.
   It affects your resistance to hostile enchantments.
   It enhances your eyesight.
 l - an amulet of conservation (around neck)
 s - an uncursed amulet of guardian spirit
 w - an uncursed amulet of resist mutation
 x - an uncursed ring of protection from cold
 Q - a +5 ring of evasion
 W - an uncursed ring of protection from cold
 Z - a ring of positive energy (left hand)
Potions
 b - 16 potions of curing
 c - 2 potions of heal wounds
 f - 6 potions of restore abilities
 n - 4 potions of invisibility
 o - 3 potions of might
 p - 2 potions of flight
 B - a potion of agility
 F - a potion of magic
 V - 4 potions of speed


   Skills:
 + Level 15.2 Fighting
   Level 8.8 Axes
 + Level 19.9 Maces & Flails
 - Level 1.0 Throwing
 + Level 15.0 Armour
 - Level 3.2 Dodging
 - Level 15.0 Shields
 * Level 20.2 Invocations
 - Level 1.3 Evocations


You had 17 spell levels left.
You didn't know any spells.

Dungeon Overview and Level Annotations

Branches:
Dungeon (16/16)            Temple (1/1) D:5             Orc (4/4) D:6
    Elf (3/3) Orc:3          Lair (8/8) D:11          Swamp (5/5) Lair:4
  Snake (5/5) Lair:6        Slime (0/6) Lair:8       Depths (1/6) D:16

Altars:
Ashenzari
Cheibriados
Elyvilon
Fedhas
Kikubaaqudgha
Makhleb
Nemelex Xobeh
Okawaru
Sif Muna
Trog
Vehumet
Xom
Yredelemnul
Zin
the Shining One
Beogh

Shops:
D:11 =   D:16 =   Orc:1 (}   Orc:4 }*([+   Elf:2 =   Elf:3 ??[   Snake:2 (
Snake:3 !

Portals:
Trove: D:14 (give wand of heal wounds (9))

Annotations:
Lair:6 exclusion: oklob plant


Innate Abilities, Weirdness & Mutations

You have stony skin.
Your flesh is almost immune to the effects of heat.
Your fire spells are more powerful.
Your flesh is vulnerable to cold.
Your heat harms attackers.
You bathe your surroundings in blazing heat.
You are too hot to use scrolls.
You are very good at protecting items from fire.
You can tolerate rotten meat.
You can breathe flames.


Message History

The orc knight is burned by your radiant heat.
The orc knight is heavily wounded.
You block the orc knight's attack.
The boggart hits the boggart.
You are very lightly contaminated with residual magic.
Drink which item? (? for menu, Esc to quit)
You feel much better.
The wizard hits the boggart but does no damage.
The warg is burned by your radiant heat.
The warg is moderately wounded.
You block the warg's attack. The warg claws you but does no damage.
The warg appears unharmed.
An enormous slime creature splits.
The orc closely misses something.
The ettin is burned by your radiant heat.
The ettin is lightly wounded.
The ettin hits you with a great mace!
* * * LOW HITPOINT WARNING * * *
The ettin is singed by your heat.
The ettin is lightly wounded.
The ettin hits you with a great mace!
You die...

#.. ##......
###........
##.....gg.. . #
......... ..o ...
...@... g.. ...
...gJ .C .#
#.#.#.#h#g# .#
#.#...#@oo##. .
#..###C#J.o(.... #.
#...#..........
#.#######.####.##.##
## #....)%...###.# #
#.###.###[.........
#...#.##......#.#.
#.∩.##.#..........
#...# ##......#..


You could see an orc knight, an ettin, 2 large slime creatures, a hill giant
(wandering), a wizard (confused), 2 orc warriors, a warg, 5 boggarts and an orc
(frenzied).

Vanquished Creatures
  Saint Roka (Orc:4)
  the Lernaean hydra (Swamp:5)
  Norris (Swamp:5)
  Lamia (Snake:4)
  Mara (Snake:4)
  An illusory Mara (Snake:5)
  Nikola (Snake:5)
  A tentacled monstrosity (Swamp:3)
  2 deep elf blademasters (Elf:3)
  2 deep elf master archers (Elf:3)
  Rupert (Snake:1)
  Agnes (Snake:1)
  Roxanne (Elf:2)
  Donald (Snake:1)
  Wiglaf (Snake:4)
  Maud (D:15)
  5 deep elf sorcerers (Elf:3)
  The ghost of ark the Executioner, a powerful LOGl of Makhleb (Snake:5)
  Aizul (Swamp:5)
  Louise (Swamp:4)
  A fire giant (Depths:1)
  A stone giant (D:16)
  Jorgrun (Swamp:3)
  6 greater nagas (Snake:5)
  7 deep elf annihilators (Elf:3)
  2 deep elf demonologists (Elf:3)
  Azrael (Elf:3)
  3 deep elf death magi (Elf:3)
  A minotaur (Lab)
  Snorg (Elf:1)
  2 fire dragons
  Fannar (Orc:2)
  Harold (D:10)
  6 deep elf high priests
  17 hydras
  Nessos (Elf:2)
  A ravenous feature mimic (Snake:5)
  Erica (Orc:2)
  2 ogre magi
  18 death yaks
  7 alligators
  2 anacondas
  14 naga warriors
  3 spectral elves (Elf:3)
  2 orc high priests
  Urug (D:10)
  5 centaur warriors
  Nergalle (Lair:3)
  5 deep elf knights
  Erolcha (D:8)
  4 catoblepae
  6 unseen horrors
  3 sea snakes (Snake:5)
  13 hill giants
  15 swamp dragons
  6 deep elf conjurers (Elf:2)
  A lindwurm (Lair:7)
  5 giant amoebae
  A hill giant (shapeshifter) (D:13)
  Joseph (D:9)
  5 orc knights
  3 cyclopes (D:16)
  2 orc sorcerers (Orc:4)
  A wolf spider (D:13)
  2 red wasps
  A sixfirhy (Elf:3)
  23 black mambas
  A spiny worm (Lair:6)
  An elephant (D:11)
  5 griffons
  Maurice (D:9)
  A vapour (Swamp:5)
  A guardian serpent (Snake:5)
  2 item mimics
  4 deep elf summoners
  A spiny frog (shapeshifter) (Elf:3)
  Psyche (D:11)
  2 feature mimics
  19 spiny frogs
  A yaktaur (Depths:1)
  A fire drake (Lair:3)
  A brown ooze (Lair:8)
  18 naga magi
  6 komodo dragons
  2 iron devils (Elf:3)
  Grinder (D:4)
  9 deep elf priests
  10 trolls
  23 blink frogs
  7 baby alligators
  A polar bear (Lair:7)
  16 bog bodies
  5 giant leeches
  3 two-headed ogres
  11 slime creatures
  A boulder beetle (Lair:8)
  The ghost of MackTheKnife the Sneak, an average HaAr of Nemelex Xobeh (D:4)
  A raven (Swamp:1)
  2 wraiths (D:16)
  A basilisk (D:16)
  A trapdoor spider (D:16)
  16 deep elf magi
  4 shadows
  3 wyverns
  39 yaks
  4 fire elementals (Elf:3)
  27 ugly things
  An elephant slug (Lair:4)
  A chaos spawn (Elf:3)
  3 hungry ghosts
  17 deep elf fighters
  11 hippogriffs
  A clay golem (D:16)
  10 wolves
  29 vampire mosquitoes
  4 necrophages (Lair:4)
  3 hell hounds (Elf:3)
  2 manticores
  A soldier ant (D:16)
  18 swamp drakes
  49 swamp worms
  2 mottled dragons
  3 sky beasts
  42 orc warriors
  17 giant goldfish
  A phantom (D:9)
  10 porcupines
  A black bear (Lair:3)
  8 ice beasts
  3 yellow wasps
  63 nagas
  A boring beetle (Lair:5)
  3 wargs
  57 water moccasins
  14 centaurs
  Sigmund (D:5)
  11 ogres
  15 crocodiles
  15 giant frogs
  3 big kobolds (D:16)
  A brain worm (D:16)
  A rotting devil (Elf:3)
  Blork the orc (D:6)
  6 giant slugs
  12 agate snails
  A cyclops zombie (D:14)
  39 insubstantial wisps
  A cyclops skeleton (D:11)
  An eye of draining (D:15)
  A lava fish (D:16)
  A rock worm zombie (D:14)
  15 killer bees
  A troll zombie (D:15)
  A hippogriff skeleton (D:9)
  7 jellyfish
  2 troll skeletons
  6 electric eels
  3 vampire bats (Lair:5)
  26 wights
  A yak skeleton (D:8)
  5 goliath beetles
  8 crimson imps
  14 hounds
  A quasit (D:10)
  36 orc wizards
  14 two-headed ogre zombies (Orc:2)
  5 big fish
  7 iguanas
  6 jellies
  12 worker ants
  25 orc priests
  3 giant frog skeletons
  4 orange rats (Lair:7)
  3 scorpions
  9 sheep
  Jessica (Elf:3)
  A mottled dragon zombie (D:10)
  A big kobold skeleton (D:14)
  4 boggarts (Depths:1)
  Terence (D:3)
  3 gnolls (D:6)
  54 adders
  2 inept feature mimics
  A steam dragon skeleton (D:10)
  5 giant centipedes
  53 green rats
  5 worms
  A giant centipede zombie (D:7)
  2 giant eyeballs
  13 giant geckos
  4 oozes
  262 orcs
  31 bats
  A giant cockroach (D:2)
  26 hobgoblins
  9 quokkas
  5 ball pythons
  11 giant newts
  A giant spore (D:6)
  27 goblins
  A goblin zombie (D:5)
  2 hobgoblin zombies (D:5)
  16 jackals
  34 kobolds
  An orc skeleton (D:8)
  An orc zombie (D:8)
  20 rats
  A rat skeleton (D:6)
  A ballistomycete (D:6)
  2 fungi
  4 pillars of salt
  A plant (Swamp:5)
1794 creatures vanquished.

Vanquished Creatures (collateral kills)
  A plant (Lair:6)
1 creature vanquished.

Vanquished Creatures (others)
  An unseen horror (D:13)
  A naga mage (Snake:5)
  Sonja (Elf:1)
  A deep elf mage (Elf:2)
  A deep elf fighter (Elf:2)
  A swamp drake (Swamp:3)
  A naga (Snake:5)
  A centaur (D:6)
  A water moccasin (Snake:5)
  A goliath beetle (D:12)
  A spider (D:12)
  2 orc priests
  A quasit (D:9)
  An orc wizard (D:6)
  2 worker ants (D:12)
  4 orcs
  A bat (D:1)
  A hobgoblin (D:9)
  6 fungi
  14 pillars of salt
  2 plants (Swamp:5)
45 creatures vanquished.

Grand Total: 1840 creatures vanquished

Notes
Turn   | Place    | Note
--------------------------------------------------------------
     0 | D:1      | Malachi, the Lava Orc Healer, began the quest for the Orb.
     0 | D:1      | Reached XP level 1. HP: 17/17 MP: 2/2
   173 | D:1      | Reached skill level 5 in Invocations
   400 | D:1      | Reached XP level 2. HP: 24/24 MP: 4/4
   915 | D:2      | Found a glowing silver altar of Zin.
  1109 | D:2      | Reached XP level 3. HP: 27/29 MP: 6/6
  1849 | D:3      | Reached skill level 1 in Armour
  1870 | D:3      | Reached skill level 6 in Invocations
  1870 | D:3      | Reached XP level 4. HP: 12/37 MP: 7/9
  2437 | D:3      | Noticed Terence
  2441 | D:3      | Killed Terence
  2500 | D:3      | Reached skill level 1 in Maces & Flails
  2500 | D:3      | Reached XP level 5. HP: 32/42 MP: 9/11
  3584 | D:4      | Reached XP level 6. HP: 42/50 MP: 13/13
  3629 | D:4      | Noticed MackTheKnife's ghost (average HaAr)
  3642 | D:4      | Killed MackTheKnife's ghost
  3650 | D:4      | Found a shattered altar of Ashenzari.
  3711 | D:4      | Noticed Grinder
  3715 | D:4      | Paralysed by Grinder for 6 turns
  3723 | D:4      | Killed Grinder
  3723 | D:4      | Reached skill level 7 in Invocations
  3723 | D:4      | Reached XP level 7. HP: 25/56 MP: 14/16
  4292 | D:5      | Entered Level 5 of the Dungeon
  4294 | D:5      | Reached skill level 5 in Armour
  4336 | D:5      | Found a staircase to the Ecumenical Temple.
  4342 | D:5      | Got a warped war axe
  4343 | D:5      | Identified the +2,+5 war axe of War {chop, rElec MR++ SInv} (You found it on level 5 of the Dungeon)
  4343 | D:5      | Identified the +2,+5 war axe of War {chop, rElec MR++ SInv} (You found it on level 5 of the Dungeon)
  4453 | D:5      | Noticed Sigmund
  4455 | D:5      | Killed Sigmund
  4572 | D:5      | Reached skill level 1 in Axes
  4610 | D:5      | Reached XP level 8. HP: 53/63 MP: 18/18
  4656 | Temple   | Entered the Ecumenical Temple
  5094 | D:5      | Reached skill level 8 in Invocations
  5636 | D:6      | Reached skill level 5 in Fighting
  5878 | D:6      | Found a staircase to the Orcish Mines.
  5894 | D:6      | Found a roughly hewn altar of Beogh.
  6082 | D:6      | Reached skill level 5 in Axes
  6234 | D:6      | Noticed Blork the orc
  6244 | D:6      | Killed Blork the orc
  6342 | D:6      | Noticed a hill giant
  6351 | D:6      | Killed a hill giant
  6351 | D:6      | Reached skill level 9 in Invocations
  6351 | D:6      | Reached XP level 9. HP: 24/72 MP: 17/21
  6949 | D:2      | Paralysed by a giant eyeball for 2 turns
  6987 | D:2      | Fell from the grace of Elyvilon
  6987 | D:2      | Became a worshipper of Zin the Law-Giver
  6987 | D:2      | Acquired Zin's first power
  6987 | D:2      | Acquired Zin's second power
  7233 | D:7      | Acquired Zin's third power
  7685 | D:7      | Killed a door mimic
  7685 | D:7      | Reached skill level 10 in Invocations
  8165 | D:8      | Reached XP level 10. HP: 56/82 MP: 23/23
  8488 | D:8      | Got a fine flail
  8489 | D:8      | Identified the +8,+9 flail "Yrelitee" {freeze, rC+ Int+1 SInv Stlth--} (You found it on level 8 of the Dungeon)
  8489 | D:8      | Identified the +8,+9 flail "Yrelitee" {freeze, rC+ Int+1 SInv Stlth--} (You found it on level 8 of the Dungeon)
  8548 | D:8      | Noticed Erolcha
  8561 | D:8      | Killed Erolcha
  8907 | D:8      | Reached skill level 5 in Maces & Flails
  9005 | D:8      | Found a snail-covered altar of Cheibriados.
  9256 | D:9      | Noticed Maurice
  9275 | D:9      | Paralysed by a giant eyeball for 3 turns
  9279 | D:9      | Paralysed by a giant eyeball for 4 turns
  9308 | D:9      | Killed Maurice
  9519 | D:9      | Noticed Joseph
  9532 | D:9      | Killed Joseph
  9777 | D:9      | Paralysed by a potion of paralysis for 5 turns
  9857 | D:9      | Gained mutation: You can breathe flames. [potion of mutation]
  9877 | D:9      | Found a blossoming altar of Fedhas.
  9968 | D:9      | Reached skill level 11 in Invocations
 10104 | D:10     | Entered Level 10 of the Dungeon
 10253 | D:10     | Noticed Urug
 10279 | D:10     | Killed Urug
 10279 | D:10     | Reached XP level 11. HP: 50/91 MP: 25/25
 10497 | D:10     | Noticed Harold
 10512 | D:10     | Killed Harold
 10824 | D:10     | Acquired Zin's fourth power
 11134 | D:11     | Noticed Psyche
 11140 | D:11     | Killed Psyche
 11484 | D:11     | Reached skill level 10 in Maces & Flails
 11493 | D:11     | Found Efef's Jewellery Shop.
 11511 | D:11     | Bought a cursed ring of hunger for 20 gold pieces
 11529 | D:11     | Found a staircase to the Lair.
 11531 | D:11     | Reached skill level 12 in Invocations
 11722 | D:11     | Bought an uncursed amulet of inaccuracy for 20 gold pieces
 12217 | D:12     | Noticed a hill giant
 12230 | D:12     | Killed a hill giant
 12384 | D:12     | Noticed a hill giant
 12394 | D:12     | Killed a hill giant
 12446 | D:12     | Noticed a hill giant
 12460 | D:12     | Killed a hill giant
 12665 | D:12     | Identified a cursed +0 rod of the swarm (13/13) (You found it on level 12 of the Dungeon)
 12677 | D:12     | Noticed a five-headed hydra
 12698 | D:12     | Killed a five-headed hydra
 12965 | D:12     | Reached skill level 1 in Shields
 13233 | D:13     | Noticed an unseen horror
 13239 | D:13     | Killed an unseen horror
 13246 | D:13     | Noticed a hill giant
 13254 | D:13     | Reached skill level 1 in Evocations
 13262 | D:13     | Killed a hill giant
 13419 | D:13     | Noticed a centaur warrior
 13557 | D:13     | Reached skill level 10 in Armour
 13599 | D:13     | Reached XP level 12. HP: 84/100 MP: 27/27
 13619 | D:13     | Reached skill level 10 in Fighting
 13623 | D:13     | Reached skill level 13 in Invocations
 13978 | D:13     | Noticed a hill giant
 13986 | D:13     | Killed a hill giant
 14158 | D:13     | Killed a centaur warrior
 15492 | D:14     | Found a portal to a secret trove of treasure.
 15677 | D:14     | Found a snail-covered altar of Cheibriados.
 15951 | D:15     | Entered Level 15 of the Dungeon
 15964 | D:15     | Noticed Maud
 15984 | D:15     | Killed Maud
 15984 | D:15     | Reached XP level 13. HP: 67/108 MP: 0/29
 16197 | D:15     | Identified a scroll of acquirement
 16200 | D:15     | Got a twisted buckler
 16209 | D:15     | Identified the +1 buckler of Decompression {rF+ Dex+4 Dam-1 SInv} (You acquired it on level 15 of the Dungeon)
 16249 | D:15     | Got a transparent bow
 16293 | D:15     | Identified the +9,+7 bow of Eternal Vigilance {speed, rC+ Int-3} (You found it on level 15 of the Dungeon)
 16293 | D:15     | Identified the +9,+7 bow of Eternal Vigilance {speed, rC+ Int-3} (You found it on level 15 of the Dungeon)
 16387 | D:15     | Reached skill level 14 in Invocations
 16707 | D:15     | Noticed a five-headed hydra
 16727 | D:15     | Killed a five-headed hydra
 16888 | D:15     | Reached skill level 5 in Shields
 17011 | D:16     | Entered Level 16 of the Dungeon
 17038 | D:16     | Found a gate to the Depths.
 17038 | D:16     | Noticed a stone giant
 17137 | D:16     | Killed a stone giant
 17137 | D:16     | Reached skill level 1 in Throwing
 17617 | D:16     | Found Mnaocoit's Jewellery Boutique.
 19765 | Lair:1   | Entered Level 1 of the Lair of Beasts
 21070 | Lair:2   | Reached XP level 14. HP: 118/118 MP: 31/31
 21074 | Lair:2   | Got a steaming scale mail
 21093 | Lair:2   | Identified the cursed -3 scale mail "Bewanexu" {MR++ SInv} (You found it on level 2 of the Lair of Beasts)
 21885 | Lair:3   | Noticed Nergalle
 21906 | Lair:3   | Killed Nergalle
 21906 | Lair:3   | Reached skill level 15 in Invocations
 21918 | Lair:3   | Reached skill level 15 in Maces & Flails
 21919 | Lair:3   | Found a staircase to the Snake Pit.
 22283 | Lair:3   | the staircase to the Snake Pit was a mimic.
 22321 | Lair:4   | Got a dazzling morningstar
 22326 | Lair:4   | Identified the cursed +9,-1 morningstar of Ointment {vamp, rN+ Str+2 Dex-1 Stlth+} (You found it on level 4 of the Lair of Beasts)
 22326 | Lair:4   | Identified the cursed +9,-1 morningstar of Ointment {vamp, rN+ Str+2 Dex-1 Stlth+} (You found it on level 4 of the Lair of Beasts)
 22367 | Lair:4   | Was placed under penance by Zin
 22411 | Lair:4   | Was forgiven by Zin
 23093 | Lair:4   | Found a staircase to the Swamp.
 24487 | Lair:6   | Found a labyrinth entrance.
 24505 | Lab      | Entered a labyrinth
 25745 | Lab      | Identified a +3 rod of inaccuracy (10/10) (You found it in a labyrinth)
 25981 | Lair:6   | Found a staircase to the Snake Pit.
 26883 | Lair:6   | Reached skill level 16 in Maces & Flails
 27935 | Lair:7   | Reached XP level 15. HP: 127/127 MP: 32/32
 28190 | Lair:8   | Entered Level 8 of the Lair of Beasts
 28222 | Lair:8   | Found a staircase to the Slime Pits.
 28824 | Lair:8   | Reached skill level 17 in Maces & Flails
 30040 | Orc:1    | Entered Level 1 of the Orcish Mines
 30118 | Orc:1    | Found Ugekh's Gadget Boutique.
 30421 | Orc:2    | Noticed Fannar
 30438 | Orc:2    | Killed Fannar
 30606 | Orc:1    | Found a flagged portal.
 30664 | Bailey   | Entered a bailey
 31258 | Orc:1    | Found Caud Tau's Weapon Shop.
 31804 | Orc:2    | Noticed Erica
 31826 | Orc:2    | Killed Erica
 32149 | Orc:3    | Found a staircase to the Elven Halls.
 32389 | Orc:4    | Entered Level 4 of the Orcish Mines
 32389 | Orc:4    | Found a roughly hewn altar of Beogh.
 32421 | Orc:4    | Noticed Saint Roka
 33320 | Orc:4    | Killed Saint Roka
 33714 | Orc:4    | Found a roughly hewn altar of Beogh.
 33754 | Orc:4    | Found Choiron's General Store.
 34020 | Orc:4    | Found Wunaup's Antique Weapon Shoppe.
 34039 | Orc:4    | Found Klyxkoutte's Antique Armour Shoppe.
 34136 | Orc:4    | Found Piwogir's Book Shoppe.
 34275 | Orc:4    | Found Schugg's Gadget Shop.
 34664 | Orc:4    | Bought a faintly glowing plate armour for 728 gold pieces
 34692 | Orc:4    | Identified the cursed +5 plate armour of Agesk {Dex-2 Acc+2} (You bought it in a shop on level 4 of the Orcish Mines)
 35050 | Orc:2    | Reached skill level 10 in Shields
 35377 | Snake:1  | Entered Level 1 of the Snake Pit
 35380 | Snake:1  | Noticed Agnes
 35452 | Snake:1  | Killed Agnes
 35834 | Snake:1  | Noticed Rupert
 35836 | Snake:1  | Paralysed by Rupert for 2 turns
 35842 | Snake:1  | Noticed Donald
 35862 | Snake:1  | Killed Rupert
 35862 | Snake:1  | Reached XP level 16. HP: 137/137 MP: 33/33
 35864 | Snake:1  | Killed Donald
 36663 | Snake:2  | Found Unozuud's Antique Weapon Boutique.
 37175 | Snake:3  | Found Oraveemu's Distillery.
 37193 | Snake:3  | Got a pair of dazzling gloves
 37197 | Snake:3  | Identified the +2 pair of gloves of the Oligarchy {MR++ Dex+3 Acc+5} (You acquired it on level 3 of the Snake Pit)
 38334 | Snake:4  | Noticed Wiglaf
 38355 | Snake:4  | Killed Wiglaf
 38804 | Snake:4  | Noticed Lamia
 38820 | Snake:4  | Killed Lamia
 38901 | Snake:5  | Entered Level 5 of the Snake Pit
 38907 | Snake:5  | Noticed ark's ghost (powerful LOGl)
 39167 | Snake:5  | HP: 5/137 [ark's ghost (19)]
 39949 | Snake:4  | Reached skill level 18 in Maces & Flails
 40349 | Snake:5  | Killed ark's ghost
 40882 | Snake:5  | Noticed Nikola
 40901 | Snake:5  | Killed Nikola
 40904 | Snake:5  | Noticed Mara
 41136 | Snake:5  | Noticed Mara
 41136 | Snake:5  | Noticed Mara
 41144 | Snake:5  | Noticed Malachi's illusion
 41153 | Snake:5  | Killed Mara
 42814 | Snake:5  | Got a serpentine rune of Zot
 42893 | Snake:4  | Noticed Mara
 42895 | Snake:4  | Noticed Mara
 42903 | Snake:4  | Killed Mara
 43101 | Swamp:1  | Entered Level 1 of the Swamp
 43107 | Swamp:1  | Reached XP level 17. HP: 146/146 MP: 35/35
 45198 | Swamp:3  | Noticed a tentacled monstrosity
 45212 | Swamp:3  | Killed a tentacled monstrosity
 45304 | Swamp:3  | Noticed Jorgrun
 45324 | Swamp:3  | Killed Jorgrun
 45939 | Swamp:4  | Noticed Louise
 45963 | Swamp:4  | Killed Louise
 46691 | Swamp:5  | Entered Level 5 of the Swamp
 46883 | Swamp:5  | Reached skill level 19 in Maces & Flails
 47386 | Swamp:5  | Noticed Aizul
 47411 | Swamp:5  | Killed Aizul
 47714 | Swamp:5  | Noticed the 27-headed Lernaean hydra
 47728 | Swamp:5  | Killed the 27-headed Lernaean hydra
 47928 | Swamp:5  | Got a decaying rune of Zot
 47962 | Swamp:5  | Reached XP level 18. HP: 156/156 MP: 36/36
 48335 | Swamp:5  | Noticed Norris
 48360 | Swamp:5  | Killed Norris
 49247 | Elf:1    | Entered Level 1 of the Elven Halls
 49540 | Elf:1    | Noticed Snorg
 49552 | Elf:1    | Killed Snorg
 49740 | Elf:1    | Found a shimmering altar of Xom.
 49922 | Elf:1    | Noticed Sonja
 49932 | Elf:1    | Killed Sonja
 50511 | Elf:2    | Noticed Roxanne
 50541 | Elf:2    | Killed Roxanne
 50550 | Elf:2    | Identified Roxanne's Guide on Transmigration (You took it off Roxanne on level 2 of the Elven Halls)
 50634 | Elf:2    | Noticed Nessos
 50653 | Elf:2    | Killed Nessos
 51013 | Elf:2    | Reached skill level 15 in Shields
 51148 | Elf:2    | Found Rodgheeff's Jewellery Emporium.
 51154 | Elf:2    | Bought an uncursed amulet of guardian spirit for 400 gold pieces
 51154 | Elf:2    | Bought an uncursed amulet of resist mutation for 640 gold pieces
 51386 | Elf:3    | Entered Level 3 of the Elven Halls
 51386 | Elf:3    | Noticed Azrael
 51406 | Elf:3    | Killed Azrael
 51697 | Elf:3    | Found Thrumom's Magic Scroll Shop.
 51703 | Elf:3    | Bought a scroll of acquirement for 936 gold pieces
 51703 | Elf:3    | Bought a scroll of enchant armour for 99 gold pieces
 51703 | Elf:3    | Bought a scroll of enchant weapon I for 99 gold pieces
 51708 | Elf:3    | Got a pair of polished boots
 51712 | Elf:3    | Identified the +2 pair of boots of the Illusory Mice {rPois} (You acquired it on level 3 of the Elven Halls)
 51773 | Elf:3    | Found Xeduytucw's Armour Emporium.
 51776 | Elf:3    | Found a radiant altar of Vehumet.
 52751 | Elf:3    | Reached skill level 15 in Fighting
 52777 | Elf:3    | Reached skill level 20 in Invocations
 53863 | Elf:3    | Got a slimy iron amulet
 53865 | Elf:3    | Identified the amulet of the Prince of Darkness {Spirit Str-3 Int+2} (You took it off a deep elf summoner on level 3 of the Elven Halls)
 53870 | Elf:3    | Got a smoking pewter ring
 53877 | Elf:3    | Identified the ring "Bomyarau" {rF+ MR++ EV+1 SInv} (You took it off a deep elf death mage on level 3 of the Elven Halls)
 54067 | Elf:3    | Noticed Jessica
 54076 | Elf:3    | Found a deep blue altar of Sif Muna.
 54084 | Elf:3    | Killed Jessica
 54212 | Elf:3    | Found Apnoady's Magic Scroll Shop.
 54221 | Elf:3    | Bought a scroll of enchant weapon I for 88 gold pieces
 54221 | Elf:3    | Bought a scroll of enchant weapon II for 88 gold pieces
 55004 | Depths:1 | Entered Level 1 of the Depths
 55027 | Depths:1 | Reached skill level 15 in Armour
 55060 | Depths:1 | HP: 4/158 [ettin/great mace[a boggart] (10)]
 55061 | Depths:1 | Slain by an ettin

Action                   |  1- 3 |  4- 6 |  7- 9 | 10-12 | 13-15 | 16-18 || total
-------------------------+-------+-------+-------+-------+-------+-------++-------
Melee: Unarmed           |    18 |       |       |       |       |       ||    18
       Club              |    19 |       |       |       |       |       ||    19
       Whip              |    83 |   168 |    22 |       |       |       ||   273
       War axe           |       |       |   318 |    26 |       |       ||   344
       Morningstar       |       |       |     4 |       |   188 |       ||   192
       Flail             |       |       |       |   623 |  2107 |  2204 ||  4934
       Great mace        |       |       |       |    57 |    72 |       ||   129
Throw: Javelin           |       |       |       |     3 |     8 |       ||    11
Invok: Lesser Healing    |     8 |     3 |     7 |       |       |       ||    18
       Recite            |       |       |     1 |    11 |    29 |    38 ||    79
       Vitalisation      |       |       |       |     3 |    17 |    27 ||    47
 Abil: Breathe Fire      |       |       |       |     2 |     1 |     4 ||     7
Evoke: Wand              |       |       |     3 |     6 |     7 |    29 ||    45
       Rod               |       |       |       |     2 |       |       ||     2
  Use: Scroll            |     7 |     7 |     5 |    11 |    21 |    13 ||    64
       Potion            |       |       |     1 |    16 |    13 |    12 ||    42
 Stab: Paralysed         |       |       |       |     2 |    80 |    17 ||    99
       Invisible         |       |       |       |     2 |     4 |     1 ||     7
       Confused          |       |       |       |       |    18 |    15 ||    33
       Petrifying        |       |       |       |       |     1 |       ||     1
